 Dungeon Crawl Stone Soup version 0.27-a0-1136-g0b992a5a9d (webtiles) character file.

Game seed: 3801230515302216353

53 robertstho the Firebug (level 3, -8/19 HPs)
             Began as a Deep Elf Fire Elementalist on May 5, 2021.
             Mangled by Sigmund
             ... wielding a +1 scythe of flaming
              (11 damage)
             ... on level 3 of the Dungeon.
             The game lasted 00:02:01 (1778 turns).

robertstho the Firebug (Deep Elf Fire Elementalist) Turns: 1778, Time: 00:02:02

Health: -8/19      AC:  3    Str:  5    XL:     3   Next: 62%
Magic:  10/10      EV: 13    Int: 20    God:
Gold:   69         SH:  0    Dex: 15    Spells: 9/10 levels left

rFire    . . .     SeeInvis .   c - +0 dagger
rCold    . . .     Faith    .   (no shield)
rNeg     . . .     Spirit   .   a - +0 robe
rPois    .         Reflect  .   g - +0 helmet
rElec    .         Harm     .   (no cloak)
rCorr    .         Rampage  .   (no gloves)
Will     .....                  (no boots)
Stlth    ++........             (no amulet)
HPRegen  0.06/turn              (no ring)
MPRegen  0.12/turn              (no ring)

@: lethally poisoned (-8 -> -9), on berserk cooldown, slowed, very slow
A: no striking features
a: no special abilities


You were on level 3 of the Dungeon.
You visited 1 branch of the dungeon, and saw 3 of its levels.

You collected 69 gold pieces.

Inventory:

Hand Weapons
 c - a +0 dagger (weapon)
Armour
 a - a +0 robe (worn)
 g - a +0 helmet (worn)
Magical Staves
 b - a staff of air
Scrolls
 d - a scroll of identify {unknown}
 f - 4 scrolls of amnesia {unknown}
 h - a scroll of fog {unknown}
 i - a scroll of blinking {unknown}


   Skills:
 + Level 2.8 Dodging
 + Level 2.5 Stealth
 * Level 4.1 Spellcasting
 * Level 1.5 Conjurations
 * Level 4.1 Fire Magic


You had 9 spell levels left.
You knew the following spells:

 Your Spells              Type           Power      Damage    Failure   Level
a - Foxfire               Conj/Fire      60%        2x1d7     4%          1

Your spell library contained the following spells:

 Spells                   Type           Power      Damage    Failure   Level
 Conjure Flame            Conj/Fire      15%        6-21      12%         3
 Inner Flame              Hex/Fire       12%        N/A       16%         3
 Confusing Touch          Hex            4%         N/A       36%         3
 Gell's Gravitas          Tloc           2%         N/A       36%         3
 Sticky Flame             Conj/Fire      15%        2d4       36%         4
 Fireball                 Conj/Fire      7%         3d5       73%         5
 Petrify                  Tmut/Erth      4%         N/A       77%         4
 Metabolic Englaciation   Hex/Ice        2%         N/A       98%         5
 Yara's Violent Unravell  Hex/Tmut       2%         3d3       98%         5


Dungeon Overview and Level Annotations

Branches:
Dungeon (2/15)

Altars:

Annotations:
D:3 Sigmund


Message History

Press: ? - help, Q - select action Dir - look around, f - activate You conjure some foxfire!
Unknown command.
Your foxfire dissipates! x2
Your foxfire dissipates! x2
Your foxfire dissipates!
A hobgoblin comes into view.
You fall into a shaft and drop 1 floor!
The shaft crumbles and collapses.
A kobold comes into view.
It is wielding a +0 short sword and quivering poisoned darts.
The kobold shouts!
Sigmund the Dreaded comes into view.
He is wielding a +1 scythe of flaming.
Sigmund casts a spell at himself.
Sigmund flickers and vanishes!
Deactivating autopickup; reactivate with Ctrl-A.
The kobold throws a poisoned dart.
The poisoned dart hits you!
You are poisoned.
You feel sick.
The kobold throws a poisoned dart.
The poisoned dart hits you!
You are lethally poisoned!
You feel very sick.
It was a potion of berserk rage.
A red film seems to cover your vision as you go berserk!
You feel yourself moving faster!
You feel mighty!
You feel sick.
A puff of flame appears from out of thin air!
The puff of flame misses you.
You feel a strong urge to attack something.
You feel sick.
Found a war axe.
You feel sick.
You feel your anger nearly subside.
You feel sick.
You are no longer berserk.
You are exhausted.
You feel yourself slow down.
You feel sick.
It was a potion of magic.
Magic courses through your body.
You feel sick.
* * * LOW HITPOINT WARNING * * *
You feel sick.
You feel sick. Something hits you!
Ouch! That really hurt!
You die...

########## #........+
#.......# #.......#
#..#.......#
#..#.......# #
..##.@..# ..
..##....# #.
#.##)...#### #.
#.##.K.....#
######.##.##.......#
#.......K....#.....#
#........{##.#.......
+.........##.#.......
#............##.###..


You could see a kobold.

Vanquished Creatures
  2 adders (D:2)
  2 dart slugs
  3 bats (D:2)
  3 endoplasms
  A giant cockroach (D:1)
  A goblin (D:2)
  3 hobgoblins
  4 jackals (D:1)
  2 quokkas (D:1)
  A ball python (D:1)
  A frilled lizard (D:1)
  A kobold (D:1)
  6 rats
30 creatures vanquished.

Vanquished Creatures (collateral kills)
  A foxfire (D:1)
1 creature vanquished.

Vanquished Creatures (others)
  136 foxfires
136 creatures vanquished.

Grand Total: 167 creatures vanquished

Notes
Turn   | Place    | Note
-------+----------+-------------------------------------------
     0 | D:1      | robertstho the Deep Elf Fire Elementalist began the quest
                  | for the Orb.
     0 | D:1      | Reached XP level 1. HP: 10/10 MP: 6/6
   262 | D:1      | Reached XP level 2. HP: 11/15 MP: 0/8
  1197 | D:2      | Reached XP level 3. HP: 19/19 MP: 6/10
  1767 | D:2      | You fall into a shaft and drop 1 floor!
  1768 | D:3      | Noticed Sigmund
  1778 | D:3      | Mangled by Sigmund

Illustrated notes

Levels and vault maps discovered:
D:1:      dpeg_arrival_tiny_a, layout_loops_cross
D:2:      layout_basic, minmay_3d_cube
D:3:      layout_basic, elyvilon_altar_3,
          hellmonk_ecumenical_altar_leap_of_faith, uniq_jessica, uniq_grinder,
          uniq_sigmund, uniq_natasha

Skill      XL: |  1  2  3 |
---------------+----------+-----
Fire Magic     | 4 |  4.1
Spellcasting   | 4 |  4.1
Dodging        | |  2.8
Stealth        | |  2.5
Conjurations   | |  1.5

Action                   || total
-------------------------++-------
Melee: Unarmed           ||     1
 Cast: Foxfire           ||    81
  Use: Potion            ||     2
Armor: Robe              ||     3
Dodge: Dodged            ||     7

Table legend: (Time is in decaauts)
 A = Elapsed time spent in this place.
 B = Non-inter-level travel time spent in this place.
 C = Inter-level travel time spent in this place.
 D = Time resting spent in this place.
 E = Time spent auto-exploring this place.
 F = Levels seen in this place.
 G = Mean time per level.
                   A        B        C        D        E       F      G
               +--------+--------+--------+--------+--------+-----+--------+
         Total |   1776 |   1748 |     28 |     50 |   1497 |   3 |  592.0 |
       Dungeon |   1776 |   1748 |     28 |     50 |   1497 |   3 |  592.0 |
               +--------+--------+--------+--------+--------+-----+--------+

Top non-repeatable levels by time:
     D:1: 1191 daAuts
     D:2: 574 daAuts
     D:3: 10 daAuts
